Map: Kairos Junction LE

Players

Clem - Winner!

  • Race: Terran Terran
  • Spawn Location: 11:00

souL

  • Race: Terran Terran
  • Spawn Location: 5:00

Event: 2019 WCS Summer

VOD

Have the link to the VOD?

Description

Time

  • Played on: July 12, 2019, 11:04 a.m.
  • Length: 8:57

All games in this series

Show
View Real Time Build Order
Export as new Build Order

Clem Terran - Winner!

Build Orders:  

Get SALT Encoding   

  12  0:00  SCV  
  13  0:12  SCV  
  14  0:17  Supply Depot  
  14  0:25  SCV  
  15  0:28  Refinery  
  15  0:38  SCV  
  16  0:45  Barracks  
  16  0:50  SCV  
  16  0:56  Refinery  
  17  1:02  SCV  
  18  1:14  SCV  
  19  1:31  Orbital Command  
  19  1:32  Factory  
  19  1:37  Reaper  
  20  1:47  Supply Depot  
  20  1:57  SCV  
  21  2:09  SCV, Reaper  
  23  2:16  Hellion  
  26  2:28  Command Center  
  25  2:30  SCV  
  26  2:38  Hellion  
  26  2:43  Starport  
  28  2:48  Supply Depot  
  28  2:52  SCV  
  28  2:54  Barracks Tech Lab  
  29  3:04  SCV  
  30  3:14  Cyclone  
  30  3:16  SCV  
  30  3:17  Barracks Tech Lab  
  34  3:28  SCV  
  34  3:29  Refinery  
  35  3:39  Raven  
  35  3:40  Orbital Command  
  35  3:41  SCV  
  38  3:48  Cyclone  
  41  3:53  Barracks Reactor, SCV  
  42  3:57  Supply Depot  
  42  4:05  SCV x2  
  44  4:10  Supply Depot  
  44  4:17  SCV x2  
  44  4:22  Raven  
  48  4:29  SCV  
  49  4:31  Marine x2  
  49  4:34  Siege Tank, Supply Depot  
  49  4:37  SCV  
  55  4:43  Command Center  
  55  4:45  SCV  
  55  4:49  SCV  
  56  4:54  Marine x2  
  56  4:58  SCV  
  56  4:59  Supply Depot  
  59  5:01  SCV  
  59  5:06  Siege Tank  
  63  5:10  SCV  
  63  5:13  SCV  
  65  5:15  Refinery  
  65  5:17  Viking  
  65  5:18  Viking  
  69  5:23  Stimpack  
  69  5:24  Marine  
  69  5:26  SCV  
  71  5:29  SCV  
  71  5:35  Supply Depot  
  72  5:38  SCV  
  72  5:42  Marine  
  70  5:50  SCV  
  70  5:51  Viking  
  70  5:53  Viking  
  73  6:00  Marine  
  71  6:05  SCV  
  71  6:07  SCV  
  71  6:10  SCV  
  49  6:19  Siege Tank, SCV  
  49  6:23  SCV  
  50  6:35  SCV x2  
  50  6:36  SCV  
  51  6:47  SCV  
  51  6:48  Orbital Command  
  51  6:53  Siege Tank, Marine  
  51  6:54  SCV  
  57  6:59  SCV  
  58  7:03  Viking  
  58  7:06  SCV  
  61  7:09  Orbital Command  
  61  7:11  Viking, SCV  
  61  7:13  Marine  
  66  7:18  SCV  
  66  7:24  SCV  
  66  7:25  Siege Tank  
  70  7:31  Barracks, SCV  
  70  7:32  Barracks  
  70  7:33  Marine  
  72  7:37  Viking  
  72  7:41  Viking  
  76  7:45  SCV  
  76  7:46  SCV  
  76  7:47  SCV  
  79  7:52  Marine  
  79  7:58  SCV x2  
  82  8:01  Siege Tank  
  82  8:04  SCV  
  86  8:10  Marine  
  86  8:11  Engineering Bay  
  86  8:12  Engineering Bay, Supply Depot  
  87  8:16  Viking  
  87  8:19  Viking  
  91  8:22  SCV x2  
  91  8:24  SCV  
  91  8:26  Barracks Reactor  
  94  8:27  Barracks Reactor  
  94  8:32  Supply Depot  
  94  8:35  Marine  
Show
View Real Time Build Order
Export as new Build Order

souL Terran 

Build Orders:  

Get SALT Encoding   

  12  0:00  SCV  
  13  0:12  SCV  
  14  0:17  Supply Depot  
  14  0:24  SCV  
  14  0:27  Refinery  
  15  0:38  SCV  
  16  0:44  Barracks  
  16  0:50  SCV  
  16  0:55  Refinery  
  17  1:02  SCV  
  18  1:14  SCV  
  19  1:32  Orbital Command, Factory  
  19  1:35  Reaper  
  20  1:41  Supply Depot  
  20  1:57  SCV  
  21  2:07  Reaper  
  22  2:10  SCV  
  25  2:15  Hellion  
  25  2:22  SCV  
  26  2:28  Command Center  
  26  2:36  SCV  
  29  2:37  Hellion  
  29  2:39  Barracks Reactor  
  29  2:44  Starport  
  29  2:49  SCV  
  30  2:54  Supply Depot  
  30  2:59  Factory Tech Lab  
  30  3:01  SCV  
  31  3:16  Marine, SCV  
  31  3:17  Marine  
  34  3:26  Raven, Refinery  
  36  3:28  SCV  
  36  3:29  Factory Tech Lab  
  37  3:34  Marine x2  
  37  3:39  Orbital Command  
  37  3:40  SCV  
  40  3:49  Siege Tank  
  40  3:52  Marine, SCV  
  40  3:53  Marine  
  46  4:01  Liberator  
  46  4:03  Supply Depot  
  46  4:04  SCV  
  46  4:07  SCV  
  46  4:08  Supply Depot  
  48  4:16  SCV  
  49  4:19  SCV  
  53  4:25  Siege Tank  
  53  4:27  Marine  
  53  4:29  Supply Depot  
  57  4:33  SCV  
  57  4:36  Viking  
  60  4:39  SCV  
  60  4:44  Stimpack  
  60  4:45  SCV  
  62  4:46  Marine  
  62  4:51  SCV  
  64  4:57  SCV  
  65  5:01  Viking  
  65  5:03  SCV  
  65  5:06  Viking  
  70  5:08  Marine  
  70  5:10  SCV  
  69  5:15  SCV  
  70  5:24  Siege Tank  
  70  5:26  Marine  
  73  5:28  SCV  
  73  5:29  SCV  
  74  5:43  SCV  
  74  5:44  Marine, Command Center, SCV  
  68  5:55  SCV  
  68  5:56  Siege Tank  
  64  6:02  Marine  
  64  6:03  SCV  
  51  6:07  Viking, SCV  
  43  6:15  SCV  
  39  6:19  SCV  
  39  6:20  Marine  
  37  6:27  SCV  
  37  6:28  Siege Tank  
  37  6:31  SCV  
  38  6:37  Marine  
  38  6:39  SCV  
  39  6:40  Viking  
  39  6:43  SCV  
  39  6:44  Viking  
  44  6:51  SCV  
  45  6:55  Marine, SCV  
  45  6:58  Orbital Command  
  47  7:04  Combat Shield  
  47  7:07  SCV  
  49  7:10  Siege Tank  
  49  7:13  Marine  
  52  7:16  SCV  
  52  7:18  Viking  
  55  7:23  Viking  
  55  7:25  SCV  
  55  7:27  SCV  
  59  7:30  SCV  
  59  7:31  Marine  
  61  7:37  SCV  
  61  7:39  SCV  
  61  7:42  Siege Tank, SCV  
  67  7:49  Marine, SCV  
  69  7:51  Refinery, SCV  
  69  7:54  SCV  
  69  7:55  Viking  
  72  8:01  SCV  
  72  8:03  SCV  
  74  8:06  SCV  
  74  8:11  Barracks  
  74  8:12  Barracks  
  75  8:13  SCV  
  75  8:14  Siege Tank  
  75  8:15  Supply Depot  
  75  8:16  Orbital Command  
  79  8:20  Supply Depot  
  79  8:21  SCV  
  79  8:25  SCV  
  81  8:35  Engineering Bay x2  
  81  8:37  SCV  
  81  8:38  Supply Depot  
  80  8:42  SCV  
Tags
 
Add a new tag
Caveats
  • Supply blocks, unpowered buildings, or Contaminate may cause inaccurate times.
  • Supply counts are checked every 10 seconds.